 Dungeon Crawl Stone Soup version 0.28.0-43-g3370ac3207 (webtiles) character file.

Game seed: 2140241852947505356

131 pkoi the Ruffian (level 4, -9/44 HPs)
             Began as a Troll Monk on Mar 23, 2022.
             Mangled by an ogre
             ... wielding a +0 giant club
              (24 damage)
             ... on level 4 of the Dungeon.
             The game lasted 00:01:41 (2136 turns).

pkoi the Ruffian (Troll Monk)                       Turns: 2136, Time: 00:01:42

Health: -9/44      AC:  4    Str: 19    XL:     4   Next: 91%
Magic:  3/3        EV: 10    Int:  8    God:
Gold:   125        SH:  0    Dex: 12    Spells: 3/3 levels left

rFire   . . .      SeeInvis .     - Unarmed
rCold   . . .      Faith    .   (no shield)
rNeg    . . .      Spirit   .   a - +0 robe
rPois   .          Reflect  .   (helmet restricted)
rElec   .          Harm     .   (no cloak)
rCorr   .          Rampage  .   (gloves unavailable)
Will    .....                   (boots unavailable)
Stlth   ++........              (no amulet)
HPRegen 0.94/turn               (no ring)
MPRegen 0.08/turn               (no ring)

@: no status effects
A: large, unfitting armour, claws 3, regeneration 1, shaggy fur 1, tough skin 1
a: no special abilities


You were on level 4 of the Dungeon.
You visited 1 branch of the dungeon, and saw 4 of its levels.

You collected 125 gold pieces.

Inventory:

Armour
 a - a +0 robe (worn)
Jewellery
 l - an amulet of faith
Scrolls
 b - a scroll of identify
 g - a scroll of teleportation
 i - a scroll of enchant weapon
 j - a scroll of immolation {unknown}
 m - a scroll of silence {unknown}
 n - a scroll of torment {unknown}
Potions
 c - a potion of berserk rage {unknown}
 d - a potion of curing {unknown}
 e - a potion of might {unknown}
 f - a potion of mutation {unknown}
 h - a potion of attraction
 k - a potion of magic {unknown}


   Skills:
 - Level 2.4 Fighting
 - Level 2.4 Dodging
 - Level 1.0 Stealth
 + Level 5.7 Unarmed Combat


You had 3 spell levels left.
You didn't know any spells.
Your spell library contained the following spells:

 Spells                   Type           Power      Damage    Failure   Level
 Magic Dart               Conj           0%         1d3       41%         1
 Summon Small Mammal      Summ           0%         N/A       41%         1
 Call Imp                 Summ           0%         N/A       54%         2
 Call Canine Familiar     Summ           0%         N/A       78%         3
 Confusing Touch          Hex            0%         N/A       78%         3
 Mephitic Cloud           Conj/Pois/Air  0%         N/A       78%         3
 Summon Guardian Golem    Hex/Summ       0%         N/A       78%         3
 Yara's Violent Unravell  Hex/Tmut       0%         3d3       100%        5
 Enfeeble                 Hex            0%         N/A       100%        7


Dungeon Overview and Level Annotations

Branches:
Dungeon (4/15)
 Temple: D:4-7

Altars:


Innate Abilities, Weirdness & Mutations

You are too large for most types of armour.
You have claws for hands.
Your natural rate of healing is unusually fast.
You are covered in fur. (AC +1)
You have tough skin. (AC +1)


Message History

The helpless quokka fails to defend itself.
You claw the quokka!
You kill the quokka!
No target in view!
No target in view!
No target in view!
You see here a quokka corpse.
m - a scroll labelled PITILI ZOXKOM
n - a scroll labelled ITREME NA VUJ You now have 125 gold pieces (gained 12).
A quokka comes into view.
The helpless quokka fails to defend itself.
You claw the quokka!
You kill the quokka!
No target in view!
No target in view!
No target in view!
No target in view!
No target in view!
No target in view!
No target in view!
You see here a quokka corpse.
An ogre comes into view. It is wielding a +0 giant club.
The ogre shouts!
You barely miss the ogre. The ogre hits you with a +0 giant club.
You barely miss the ogre.
The ogre hits you with a +0 giant club!!
* * * LOW HITPOINT WARNING * * *
You mangle the ogre!!
The ogre is severely wounded.
An endoplasm comes into view.
You scratch the ogre.
The ogre is severely wounded.
The ogre hits you with a +0 giant club!
* * * LOW HITPOINT WARNING * * *
You barely miss the ogre.
The ogre is severely wounded.
The ogre hits you with a +0 giant club!!
Ouch! That really hurt!
You die...

#.# #.# ... #.# #
####.#.# ....#J#
#..O# ≈...... #@#
≈≈≈≈....# #.#
≈≈≈≈≈≈..# #.#
.≈≈≈≈≈≈.## #.#
.≈≈≈≈≈≈..# #.#
.≈≈≈≈≈≈..# #.##
≈≈≈≈≈≈≈..######..#
###
≈≈≈≈≈≈.......†...#
...
≈≈≈≈....#######..#
#.#


You could see an ogre and an endoplasm.

Vanquished Creatures
  A jelly (D:3)
  An orc wizard (D:3)
  2 adders (D:2)
  A worm (D:2)
  A dart slug (D:1)
  3 orcs (D:3)
  4 ball pythons
  5 bats
  4 endoplasms
  A giant cockroach (D:3)
  4 hobgoblins
  10 jackals
  4 quokkas
  A frilled lizard (D:3)
  2 kobolds
  2 rats (D:1)
46 creatures vanquished.

Notes
Turn   | Place    | Note
-------+----------+-------------------------------------------
     0 | D:1      | pkoi the Troll Monk began the quest for the Orb.
     0 | D:1      | Reached XP level 1. HP: 22/22 MP: 0/0
    98 | D:1      | Found a faded altar of an unknown god.
   433 | D:1      | Reached XP level 2. HP: 29/29 MP: 1/1
   877 | D:2      | Reached skill level 4 in Unarmed Combat
   880 | D:2      | Reached XP level 3. HP: 36/36 MP: 2/2
  1451 | D:3      | Identified the +5 dagger "Gyrelips" {venom, Int+4 Dex-3}
  1496 | D:3      | Reached skill level 5 in Unarmed Combat
  1496 | D:3      | Reached XP level 4. HP: 41/44 MP: 3/3
  2130 | D:4      | Noticed an ogre
  2136 | D:4      | Mangled by an ogre

Illustrated notes

Levels and vault maps discovered:
D:1:      minmay_arrival_widening_spiral_wide, layout_basic,
          chequers_ecumenical_altar_simple, kennysheep_minor_cross
D:2:      layout_rooms, st_stairs_2
D:3:      layout_basic
D:4:      layout_loops_ring, temple_pool_b

Skill      XL: |  1  2  3 |
---------------+----------+-----
Unarmed Combat | 4 5 |  5.7
Fighting       | |  2.4
Dodging        | |  2.4
Stealth        | |  1.0

Action                   |  1- 3 |  4- 6 || total
-------------------------+-------+-------++-------
Melee: Unarmed           |    70 |    33 ||   103
       Punch             |     2 |       ||     2
  Use: Scroll            |     5 |       ||     5
 Stab: Sleeping          |     3 |     2 ||     5
Armor: Robe              |    25 |     9 ||    34
Dodge: Dodged            |    38 |    15 ||    53
